 Dungeon Crawl Stone Soup version 0.31-a0-1025-g2e47921a08 (webtiles) character file.

Game seed: 5165061044547398216

4 kae the Vexing (level 1, 0/13 HPs)
             Began as a Demonspawn Enchanter on Nov 17, 2023.
             Slain by a quokka (3 damage)
             ... on level 1 of the Dungeon.
             The game lasted 00:00:11 (52 turns).

kae the Vexing (Demonspawn Enchanter)                 Turns: 52, Time: 00:00:11

Health: 0/13       AC:  2    Str:  8    XL:     1   Next: 50%
Magic:  3/3        EV: 12    Int: 16    God:
Gold:   12         SH:  0    Dex: 13    Spells: 4/4 levels left

rFire   . . .        a - +1 dagger
rCold   . . .        (no shield)
rNeg    . . .        b - +0 robe
rPois   .            (no helmet)
rElec   .            (no cloak)
rCorr   .            (no gloves)
SInv    .            (no boots)
Will    .....        (no amulet)
Stlth   ++           (no ring)
HPRegen 0.22/turn    (no ring)
MPRegen 0.08/turn

%: no passive effects
@: no status effects
A: no striking features
a: no special abilities


You were on level 1 of the Dungeon.
You visited 1 branch of the dungeon, and saw 1 of its levels.

You collected 12 gold pieces.


   Skills:
 * Level 1.1 Short Blades
 - Level 1.7 Dodging
 + Level 2.7 Stealth
 + Level 2.0 Spellcasting
 + Level 3.0 Hexes


You had 4 spell levels left.
You didn't know any spells.
Your spell library contained the following spells:

 Spells                   Type           Power      Damage    Failure   Level
 Ensorcelled Hibernation  Hex/Ice        12%        N/A       17%         2
 Confusing Touch          Hex            11%        N/A       19%         3
 Tukima's Dance           Hex            11%        N/A       19%         3
 Dazzling Flash           Conj/Hex       12%        N/A       32%         3

Inventory:

Hand Weapons
 a - a +1 dagger (weapon)
Armour
 b - a +0 robe (worn)
 d - a +0 cloak
   (You found it on level 1 of the Dungeon)
Potions
 c - 2 potions of invisibility

Dungeon Overview and Level Annotations

Branches:
Dungeon (1/15) Zot: 5943

Altars:

#. ###.# #.#####...###
#...........#
##..~~~~~~~.#
#...~....$~.##
#.........~..#
#.~~~~~...~..#
#.~..>~...~..#
.#####.~.~.@...~..#####
.....[.~.~r~~~.~......#
.......~)....~.~.####.#
#......~...~<..~.#
#......~...~~~~~.#
.......~.........#
.......~.....~.###
.......~~~~~~~.#
#..............#


You could see a quokka.


Message History

You now have 12 gold pieces.
A ball python comes into view.
You enter the shallow water.
Moving in this stuff is going to be slow.
A ball python is nearby!
The ball python closely misses you. The ball python grabs you.
The ball python constricts you. The ball python closely misses you.
The ball python constricts you.
You hit the ball python.
You kill the ball python!
You enter the shallow water.
Moving in this stuff is going to be slow.
A kobold comes into view. It is wielding a +0 dagger.
You enter the shallow water.
Moving in this stuff is going to be slow.
The kobold shouts!
You see here a +0 cloak.
d - a +0 cloak A quokka comes into view.
You enter the shallow water.
Moving in this stuff is going to be slow.
An endoplasm comes into view.
The endoplasm quivers.
You hit the kobold. The kobold closely misses you.
You barely miss the kobold. The kobold completely misses you.
You hit the kobold.
You kill the kobold!
Your Short Blades skill increases to level 1!
You closely miss the quokka. The quokka barely misses you.
You miss the quokka.
The quokka bites you but does no damage.
You hit the quokka. The quokka barely misses you. The quokka barely misses you.
You closely miss the quokka.
The quokka bites you but does no damage.
You closely miss the quokka. The quokka closely misses you.
The endoplasm freezes you.
You are frozen. 😕 HP[-3]
You take 3 damage, and now have 10/13 hp.
MASSIVE DAMAGE!! (PAUSE)
You hit the quokka.
You kill the quokka!
The endoplasm freezes you.
You are frozen. 😮 HP[-2]
You take 2 damage, and now have 8/13 hp.
Unknown command.
You hit the endoplasm. You hit the endoplasm.
A quokka comes into view.
The endoplasm misses you. 😮 HP[+1]
You hit the endoplasm but do no damage. The endoplasm barely misses you.
You hit the endoplasm. The endoplasm freezes you.
You are frozen.
* * * LOW HITPOINT WARNING * * *
😨 HP[-3]
You take 3 damage, and now have 6/13 hp.
MASSIVE DAMAGE!! (PAUSE)
You hit the endoplasm but do no damage.
The endoplasm hits you but does no damage.
You hit the endoplasm.
You kill the endoplasm!
Unknown command.
You enter the shallow water.
Moving in this stuff is going to be slow.
The quokka closely misses you. 😮 HP[+1]
The quokka attacks as it pursues you!
The quokka splashes around in the water.
Unknown command.
You hit the quokka but do no damage. The quokka bites you.
* * * LOW HITPOINT WARNING * * *
😨 HP[-1]
You take 1 damage, and now have 6/13 hp.
You hit the quokka.
The quokka splashes around in the water.
You miss the quokka.
The quokka splashes around in the water.
The quokka bites you.
* * * LOW HITPOINT WARNING * * *
😱 HP[-4]
You take 4 damage, and now have 2/13 hp.
MASSIVE DAMAGE!! (PAUSE)
You barely miss the quokka.
The quokka splashes around in the water.
You barely miss the quokka.
The quokka bites you but does no damage.
You barely miss the quokka. The quokka barely misses you.
You hit the quokka.
The quokka splashes around in the water.
You barely miss the quokka. The quokka barely misses you. 😱 HP[+1]
You hit the quokka but do no damage.
The quokka splashes around in the water.
You closely miss the quokka. The quokka bites you.
You die...

Skill      XL: |  1 |
---------------+----+-----
Short Blades   | 1 |  1.1
Dodging        | |  1.7
Stealth        | |  2.7
Spellcasting   | |  2.0
Hexes          | |  3.0

Action                     || total
---------------------------++-------
  Melee: Dagger            ||    26
 Armour: Robe              ||     7
  Dodge: Dodged            ||    13

Levels and vault maps discovered:
D:1:      ebering_trefoil_twist, layout_loops_ring, minmay_tetromino_o2

Notes
Turn   | Place    | Note
-------+----------+-------------------------------------------
     0 | D:1      | kae the Demonspawn Enchanter began the quest for the Orb.
     0 | D:1      | Reached XP level 1. HP: 13/13 MP: 3/3
     0 | D:1      | magus.rc [v1.11.3]
    27 | D:1      | Reached skill level 1 in Short Blades
    45 | D:1      | HP: 2/13 [quokka (5)]
    52 | D:1      | Slain by a quokka

Vanquished Creatures
  An endoplasm (D:1)
  A quokka (D:1)
  A ball python (D:1)
  A kobold (D:1)
4 creatures vanquished.

Table legend:
 A = Non-vault XP
 B = Vault XP
 C = Vault XP percentage of total XP
 D = Non-vault monster count
 E = Vault monster count
 F = Vault count percentage of total count
                 A         B        C        D         E       F
            +---------+---------+-------+---------+---------+-------
      Total |       6 |       0 |   0.0 |       4 |       0 |   0.0
            +---------+---------+-------+---------+---------+-------
        D:1 |       6 |       0 |   0.0 |       4 |       0 |   0.0
            +---------+---------+-------+---------+---------+-------

Skill      XL: |  1 |
---------------+----+-----
Short Blades   | 1 |  1.1
Dodging        | |  1.7
Stealth        | |  2.7
Spellcasting   | |  2.0
Hexes          | |  3.0

Action                     || total
---------------------------++-------
  Melee: Dagger            ||    26
 Armour: Robe              ||     7
  Dodge: Dodged            ||    13

Illustrated notes

Table legend:
 A = Kills in this place as a percentage of kills in the entire game.
 B = Kills by you in this place as a percentage of kills by you in the entire game.
 C = Kills by friends in this place as a percentage of kills by friends in the entire game.
 D = Other kills in this place as a percentage of other kills in the entire game.
 E = Experience gained in this place as a percentage of experience gained in the entire game.
 F = Experience gained in this place divided by the number of levels of this place that you have seen.
                   A       B       C       D       E      F
               +-------+-------+-------+-------+-------+----------------------
         Total | 100.0 | 100.0 |   N/A |   N/A | 100.0 |   6.0
       Dungeon | 100.0 | 100.0 |   N/A |   N/A | 100.0 |   6.0
               +-------+-------+-------+-------+-------+----------------------

Table legend: (Time is in decaauts)
 A = Elapsed time spent in this place.
 B = Non-inter-level travel time spent in this place.
 C = Inter-level travel time spent in this place.
 D = Time resting spent in this place.
 E = Time spent auto-exploring this place.
 F = Levels seen in this place.
 G = Mean time per level.
                   A        B        C        D        E       F      G
               +--------+--------+--------+--------+--------+-----+--------+
         Total |     55 |     55 |      0 |      0 |      6 |   1 |   55.0 |
       Dungeon |     55 |     55 |      0 |      0 |      6 |   1 |   55.0 |
               +--------+--------+--------+--------+--------+-----+--------+

Top non-repeatable levels by time:
     D:1: 55 daAuts
